 Dungeon Crawl Stone Soup version 0.31-a0-1499-ge0622b2318 (webtiles) character file.

Game seed: 6216806875367704441

728 zazu2006 the Conjurer (level 7, 53/53 HPs)
             Began as a Gnoll Wanderer on Dec 30, 2023.
             Quit the game on level 4 of the Dungeon.
             The game lasted 00:13:15 (3767 turns).

zazu2006 the Conjurer (Gnoll Wanderer)              Turns: 3767, Time: 00:13:16

Health: 53/53      AC:  7    Str: 16    XL:     7   Next: 72%
Magic:  11/13      EV: 11    Int: 15    God:
Gold:   215        SH:  5    Dex: 11    Spells: 13/14 levels left

rFire   . . .        q - +1 dagger (drain)
rCold   . . .        d - +0 buckler
rNeg    . . .        n - +0 leather armour
rPois   .            c - +0 helmet
rElec   .            (no cloak)
rCorr   .            y - +2 pair of gloves
SInv    .            (no boots)
Will    .....        (no amulet)
Stlth   ++           j - +6 ring of strength
HPRegen 0.28/turn    (no ring)
MPRegen 0.13/turn

%: no passive effects
@: no status effects
A: fangs 1, strong nose, distributed training
a: no special abilities


You were on level 4 of the Dungeon.
You visited 1 branch of the dungeon, and saw 6 of its levels.

You collected 215 gold pieces.

Inventory:

Hand Weapons
 q - a +1 dagger of draining (weapon)
 u - a +3 dagger
Armour
 c - a +0 helmet (worn)
 d - a +0 buckler (worn)
 f - a +0 pair of gloves
 n - a +0 leather armour (worn)
 y - a +2 pair of gloves (worn)
Jewellery
 j - a +6 ring of strength (left hand)
Wands
 r - a wand of quicksilver (4)
 t - a wand of roots (8)
 w - a wand of flame (17)
 z - a wand of digging (5)
Scrolls
 a - 2 scrolls of enchant armour
 b - a scroll of fear
 e - 3 scrolls of identify
 h - 3 scrolls of teleportation
 m - a scroll of enchant weapon
 o - a scroll of poison
 p - a scroll of blinking {unknown}
 s - a scroll of immolation
 x - a scroll of acquirement {unknown}
Potions
 g - a potion of magic
 i - 2 potions of attraction {unknown}
 k - a potion of heal wounds {unknown}
 l - a potion of curing {unknown}
 v - 2 potions of brilliance {unknown}


   Skills:
 + Level 3.8 Fighting
 + Level 2.8 Short Blades
 + Level 2.8 Long Blades
 + Level 2.8 Axes
 + Level 2.8 Maces & Flails
 + Level 2.8 Polearms
 + Level 2.8 Staves
 + Level 2.8 Ranged Weapons
 + Level 2.8 Throwing
 + Level 2.8 Armour
 + Level 2.8 Dodging
 + Level 2.8 Stealth
 + Level 7.1 Shields
 + Level 2.8 Unarmed Combat
 + Level 4.0 Spellcasting
 + Level 7.5 Conjurations
 + Level 2.2 Hexes
 + Level 3.1 Summonings
 + Level 2.2 Necromancy
 + Level 2.2 Translocations
 + Level 2.2 Fire Magic
 + Level 2.2 Ice Magic
 + Level 2.2 Air Magic
 + Level 2.2 Earth Magic
 + Level 2.2 Alchemy
 + Level 3.1 Invocations
 + Level 2.8 Evocations
 + Level 2.5 Shapeshifting


You had 13 spell levels left.
You knew the following spells:

 Your Spells              Type           Power      Damage    Failure   Level
a - Sting                 Conj/Alch      68%        1d7       3%          1

Your spell library contained the following spells:

 Spells                   Type           Power      Damage    Failure   Level
 Magic Dart               Conj           100%       1d8       1%          1
 Searing Ray              Conj           50%        2d6       1%          2
 Kiss of Death            Conj/Necr      68%        2d10      3%          1
 Summon Small Mammal      Summ           48%        N/A       8%          1
 Dazzling Flash           Conj/Hex       34%        N/A       11%         3
 Summon Ice Beast         Ice/Summ       11%        N/A       26%         3
 Volatile Blastmotes      Fire/Tloc      18%        2d11      32%         3
 Iskenderun's Battlesphe  Conj           25%        2d8       34%         5
 Fulminant Prism          Conj/Alch      8%         3d7       36%         4
 Iskenderun's Mystic Bla  Conj/Tloc      17%        2d5       36%         4
 Bombard                  Conj/Erth      8%         9d2       99%         6
 Starburst                Conj/Fire      8%         6d4       99%         6
 Spellforged Servitor     Conj/Summ      9%         N/A       100%        7
 Maxwell's Capacitive Co  Air            4%         ∞         100%        8


Dungeon Overview and Level Annotations

Branches:
Dungeon (6/15)             Temple (0/1) D:6

Altars:
Cheibriados
Nemelex Xobeh
Sif Muna
Uskayaw
Xom
Yredelemnul


Innate Abilities, Weirdness & Mutations

You have very sharp teeth.
Your uncanny sense of smell can sniff out nearby items.
Your experience applies equally to all skills.


Message History

The dart slug is severely wounded.
You hit the dart slug.
You kill the dart slug!
e - 3 scrolls of identify (gained 2)
A dart slug comes into view.
You hear the rapid rusting of a very distant drain.
The dart slug launches a dart at you. The slug dart hits you.
The dart slug launches a dart at you. The slug dart hits you.
Found a triangular soapstone amulet.
Found a robe.
You hear the rapid rusting of a distant drain.
Found 11 gold pieces.
You now have 215 gold pieces (gained 11).
You hear the drain falling apart.
Found a scroll labelled JELUOP GAO.
The walls and floor vibrate strangely for a moment. 2 ribbon worms come into view.
You enter the shallow water.
Moving in this stuff is going to be slow.
The ribbon worm expels a string of sticky webbing.
The stream of webbing hits you but does no damage.
You are caught in a web!
There is a web here.
The web tears apart.
The ribbon worm expels a string of sticky webbing.
The stream of webbing hits you but does no damage.
You are caught in a web!
The ribbon worm expels a string of sticky webbing.
The stream of webbing hits you but does no damage.
You are even more entangled.
You struggle to detach yourself from the web.
The ribbon worm expels a string of sticky webbing.
The stream of webbing hits you but does no damage.
You are even more entangled.
You struggle to detach yourself from the web.
You struggle to detach yourself from the web.
The web tears apart.
Are you sure you want to abandon this character and quit the game? (Confirm with "yes".)

*,,,..?...*,,,,#........#
***.........#,,,,#........#
**~.........#+####........#
**~~..............####....#
***~~#............# #....#
*~~#............# *....#
*~~#............# *....#
#~~##...........# *,,..#
##~~.####@...##### ******
#.~~~~~w~....#
#.~~~~~w~~...#
#.~.#####~~### ###** ####
####


You could see 2 ribbon worms.

Vanquished Creatures
  A human (D:3)
  2 sky beasts (D:6)
  An ogre (D:4)
  A scorpion (D:6)
  A jelly (D:5)
  Jessica (D:2)
  An iguana (D:6)
  An orc wizard (D:6)
  5 adders
  2 ribbon worms
  2 dart slugs
  16 orcs
  7 endoplasms
  A giant cockroach (D:1)
  5 goblins
  7 hobgoblins
  2 jackals (D:3)
  8 ball pythons
  7 bats
  3 frilled lizards
  A goblin zombie (D:3)
  7 kobolds
  5 rats
87 creatures vanquished.

Notes
Turn   | Place    | Note
-------+----------+-------------------------------------------
     0 | D:1      | zazu2006 the Gnoll Wanderer began the quest for the Orb.
     0 | D:1      | zazu2006 set off with the following items: a +0 dagger, a
                  | scroll of fear, a +0 robe, a +0 buckler; and the following
                  | spells available to memorise: Kiss of Death, Sting, Summon
                  | Small Mammal, Summon Ice Beast, Iskenderun's Mystic Blast.
     0 | D:1      | Reached XP level 1. HP: 17/17 MP: 4/4
     7 | D:1      | Learned a level 1 spell: Sting
   281 | D:1      | Reached XP level 2. HP: 23/23 MP: 3/5
   952 | D:1      | Reached XP level 3. HP: 28/28 MP: 1/7
  1384 | D:2      | Reached skill level 1 in Invocations
  1395 | D:2      | Noticed Jessica
  1401 | D:2      | Killed Jessica
  1402 | D:2      | Reached skill level 1 in Short Blades
  1402 | D:2      | Reached skill level 1 in Long Blades
  1402 | D:2      | Reached skill level 1 in Axes
  1402 | D:2      | Reached skill level 1 in Maces & Flails
  1402 | D:2      | Reached skill level 1 in Polearms
  1402 | D:2      | Reached skill level 1 in Staves
  1402 | D:2      | Reached skill level 1 in Ranged Weapons
  1402 | D:2      | Reached skill level 1 in Throwing
  1402 | D:2      | Reached skill level 1 in Armour
  1402 | D:2      | Reached skill level 1 in Dodging
  1402 | D:2      | Reached skill level 1 in Stealth
  1402 | D:2      | Reached skill level 1 in Unarmed Combat
  1402 | D:2      | Reached skill level 1 in Evocations
  1402 | D:2      | Reached skill level 1 in Shapeshifting
  1402 | D:2      | Reached XP level 4. HP: 32/34 MP: 5/8
  1659 | D:2      | Reached skill level 1 in Hexes
  1659 | D:2      | Reached skill level 1 in Necromancy
  1659 | D:2      | Reached skill level 1 in Translocations
  1659 | D:2      | Reached skill level 1 in Fire Magic
  1659 | D:2      | Reached skill level 1 in Ice Magic
  1659 | D:2      | Reached skill level 1 in Air Magic
  1659 | D:2      | Reached skill level 1 in Earth Magic
  1659 | D:2      | Reached skill level 1 in Alchemy
  2532 | D:3      | Found a runed translucent door.
  2532 | D:3      | Noticed a human
  2539 | D:3      | Found a basalt altar of Yredelemnul.
  2589 | D:3      | Killed a human
  2590 | D:3      | Reached XP level 5. HP: 37/41 MP: 4/10
  2590 | D:3      | Reached XP level 6. HP: 43/47 MP: 4/11
  2831 | D:3      | Found a shimmering blue altar of Sif Muna.
  3266 | D:4      | You fall into a shaft and drop 2 floors!
  3285 | D:6      | Found a sparkling altar of Nemelex Xobeh.
  3289 | D:6      | Found a shimmering altar of Xom.
  3290 | D:6      | Found a snail-covered altar of Cheibriados.
  3323 | D:6      | Noticed a sky beast
  3342 | D:6      | Killed a sky beast
  3343 | D:6      | Reached XP level 7. HP: 35/52 MP: 2/12
  3394 | D:6      | Found a hide-covered altar of Uskayaw.
  3532 | D:6      | Found a staircase to the Ecumenical Temple.
  3642 | D:5      | Entered Level 5 of the Dungeon
  3767 | D:4      | Quit the game

Illustrated notes

Levels and vault maps discovered:
D:1:      mushboom_english_gardens, layout_loops_cross, minmay_misc_feat_room,
          minmay_box_of_dots
D:2:      layout_basic, hangedman_glass_teeth, uniq_jessica
D:3:      layout_basic, dk_yredelemnul_ordeal, led_sif_pool
D:4:      layout_gridville, cheibrodos_sewer_entry_bend, corner_web_ring,
          uniq_edmund
D:5:      layout_rooms, hangedman_decor_slide_cut
D:6:      layout_basic, minitemple, nicolae_overflow_crystal_walls,
          minmay_temple_entry_sparse_star

Skill      XL: |  1  2  3  4  5  6  7 |
---------------+----------------------+-----
Summonings     | 2 3 |  3.1
Invocations    | 1 2 3 |  3.1
Short Blades   | 1 2 |  2.8
Long Blades    | 1 2 |  2.8
Axes           | 1 2 |  2.8
Maces & Flails | 1 2 |  2.8
Polearms       | 1 2 |  2.8
Staves         | 1 2 |  2.8
Ranged Weapons | 1 2 |  2.8
Throwing       | 1 2 |  2.8
Armour         | 1 2 |  2.8
Dodging        | 1 2 |  2.8
Stealth        | 1 2 |  2.8
Unarmed Combat | 1 2 |  2.8
Evocations     | 1 2 |  2.8
Shapeshifting  | 1 2 |  2.5
Spellcasting   | 3 4 |  4.0
Hexes          | 1 2 |  2.2
Necromancy     | 1 2 |  2.2
Translocations | 1 2 |  2.2
Fire Magic     | 1 2 |  2.2
Ice Magic      | 1 2 |  2.2
Air Magic      | 1 2 |  2.2
Earth Magic    | 1 2 |  2.2
Alchemy        | 1 2 |  2.2
Fighting       | 3 |  3.8
Shields        | 7 |  7.1
Conjurations   | |  7.5

Action                     |  1- 3 |  4- 6 |  7- 9 || total
---------------------------+-------+-------+-------++-------
  Melee: Dagger            |    10 |    36 |    20 ||    66
         Bite              |     2 |     2 |     1 ||     5
   Cast: Sting             |    52 |    75 |    31 ||   158
  Evoke: Wand              |       |     3 |     1 ||     4
    Use: Scroll            |       |     7 |     1 ||     8
   Stab: Sleeping          |       |     1 |       ||     1
 Armour: Robe              |     6 |       |       ||     6
         Leather armour    |       |    25 |    31 ||    56
  Dodge: Dodged            |     7 |    26 |    19 ||    52
  Block: Buckler           |     2 |     8 |    12 ||    22

Table legend: (Time is in decaauts)
 A = Elapsed time spent in this place.
 B = Non-inter-level travel time spent in this place.
 C = Inter-level travel time spent in this place.
 D = Time resting spent in this place.
 E = Time spent auto-exploring this place.
 F = Levels seen in this place.
 G = Mean time per level.
                   A        B        C        D        E       F      G
               +--------+--------+--------+--------+--------+-----+--------+
         Total |   3774 |   3706 |     68 |     14 |   2576 |   6 |  629.0 |
       Dungeon |   3774 |   3706 |     68 |     14 |   2576 |   6 |  629.0 |
               +--------+--------+--------+--------+--------+-----+--------+

Top non-repeatable levels by time:
     D:2: 1149 daAuts
     D:1: 1125 daAuts
     D:3: 816 daAuts
     D:6: 374 daAuts
     D:4: 272 daAuts
     D:5: 34 daAuts
